 Dungeon Crawl Stone Soup version 0.26.1-10-gdfb7c7de75 (webtiles) character file.

Game seed: 12787077631466099507

370 phalm the Stinger (level 6, -13/38 HPs)
             Began as an Octopode Transmuter on Apr 2, 2021.
             Mangled by a gnoll
             ... wielding a +0 halberd
              (15 damage)
             ... on level 4 of the Dungeon.
             The game lasted 00:05:19 (5177 turns).

phalm the Stinger (Octopode Transmuter)             Turns: 5177, Time: 00:05:19

Health: -13/38     AC:  1    Str:  7 (9)  XL:     6   Next: 70%
Magic:  8/10       EV: 13    Int: 14 (16) God:
Gold:   298        SH:  0    Dex: 13 (14) Spells: 1/11 levels left

rFire    . . .     SeeInvis .     - Unarmed
rCold    . . .     Faith    .   (no shield)
rNeg     . . .     Spirit   .   (helmet currently unavailable)
rPois    .         Reflect  .   (no amulet)
rElec    .         Harm     .   d - ring of attention (curse)
rCorr    .         Rampage  .   (no ring)
Will     .....                  (no ring)
Stlth    +.........             (no ring)
HPRegen  0.12/turn              (no ring)
MPRegen  0.12/turn              (no ring)
                                (no ring)
                                (no ring)

@: appendages, wereblooded
A: almost no armour, stealthy swim, amphibious, 8 rings, constrict 8, tentacle
spike 3, camouflage 1, gelatinous body 1
a: End Transformation


You were on level 4 of the Dungeon.
One of your tentacles had a temporary spike.
You visited 1 branch of the dungeon, and saw 4 of its levels.

You collected 298 gold pieces.

Inventory:

Jewellery
 d - a cursed ring of attention (left tentacle)
Scrolls
 a - a scroll of blinking {unknown}
 c - a scroll of teleportation
 e - 2 scrolls of enchant armour
 f - a scroll of magic mapping {unknown}
 h - a scroll of random uselessness {unknown}
 i - a scroll of immolation {unknown}
Potions
 b - 2 potions of degeneration
 g - a potion of invisibility {unknown}
 j - a potion of lignification {unknown}
 k - a potion of brilliance {unknown}
 l - a potion of ambrosia {unknown}


   Skills:
 - Level 1.0 Fighting
 - Level 2.0 Dodging
 - Level 3.0 Unarmed Combat
 + Level 3.0 Spellcasting
 * Level 4.1 Transmutations
 * Level 2.7 Ice Magic
 * Level 4.3 Poison Magic


You had one spell level left.
You knew the following spells:

 Your Spells              Type           Power        Failure   Level
a - Beastly Appendage     Tmut           26%          4%          1
b - Wereblood             Tmut           13%          6%          2
c - Spider Form           Tmut/Pois      7%           11%         3
d - Ice Form              Ice/Tmut       11%          45%         4

Your spell library contained the following spells:

 Spells                   Type           Power        Failure   Level
 Blade Hands              Tmut           6%           73%         5


Dungeon Overview and Level Annotations

Branches:
Dungeon (4/15)             Temple (0/1) D:4

Altars:
Dithmenos
Ru
Xom
Yredelemnul

Annotations:
D:4 3 runed translucent doors, slughead422's ghost, amateur FoFi


Innate Abilities, Weirdness & Mutations

You cannot wear most types of armour.
You are very stealthy in the water. (Stealth+)
You are amphibious.
You can wear up to eight rings at the same time.
You can use your tentacles to constrict eight enemies at once.
Your skin changes colour to match your surroundings (Stealth+).
Your rubbery body absorbs attacks. (AC +1, EV +1)
One of your tentacles bears a large vicious spike.


Message History

You grab the gnoll.
You howl as the wereblood boils in your veins!
You constrict the gnoll. The gnoll misses you.
You tentacle-slap the gnoll but do no damage.
The gnoll is lightly wounded.
You constrict the gnoll.
The gnoll hits you from afar with a +0 halberd!
The gnoll closely misses you.
You tentacle-slap the gnoll.
You squeeze the gnoll, but do no damage.
The gnoll is moderately wounded.
You constrict the gnoll, but do no damage.
The gnoll hits you from afar with a +0 halberd!
* * * LOW HITPOINT WARNING * * *
The gnoll escapes!
It was a potion of degeneration.
There was something very wrong with that liquid.
You feel weakened.
You feel dopey.
You feel clumsy.
The gnoll hits you from afar with a +0 halberd!
You die...

#...#(..##.#####.#.##...
#......# #.#..#...
###..### #.##.##.. #..#
#.##..##. #.## #.###..##
#..## #..###... #...##
##....### ##+# ##.#..#
####..## [..g. #g@##.#
##..# ......##†###.#
##.# ..>...'g.# #.###
#.# ......#..# #...###
#.. ....? #.## ###...#
##. .####+####..## ###.#
#. ...........(..# #.#
#. ..............# #.#
#. ..............#
#.########.


You could see 2 gnolls.

Vanquished Creatures
  A hound (D:3)
  An orc priest (D:3)
  An iguana (D:4)
  Terence (D:3)
  An orc wizard (D:3)
  2 worker ants (D:4)
  A hound skeleton (D:4)
  A gnoll (D:4)
  6 adders
  A white imp (D:4)
  2 worms (D:3)
  3 dart slugs
  4 leopard geckos
  15 orcs
  5 giant cockroaches
  6 goblins
  5 hobgoblins
  2 jackals (D:3)
  12 kobolds
  6 bats
  A frilled lizard (D:3)
  2 leopard gecko skeletons (D:4)
  4 rats
83 creatures vanquished.

Notes
Turn   | Place    | Note
-------+----------+-------------------------------------------
     0 | D:1      | phalm the Octopode Transmuter began the quest for the Orb.
     0 | D:1      | Reached XP level 1. HP: 13/13 MP: 3/3
   214 | D:1      | Reached skill level 1 in Poison Magic
   214 | D:1      | Reached XP level 2. HP: 14/18 MP: 3/5
   541 | D:1      | Learned a level 2 spell: Wereblood
   982 | D:1      | Reached XP level 3. HP: 16/23 MP: 4/6
  1147 | D:1      | You fall into a shaft and drop 1 floor!
  1395 | D:2      | Learned a level 3 spell: Spider Form
  1669 | D:2      | Reached XP level 4. HP: 25/28 MP: 5/7
  2346 | D:3      | Reached skill level 1 in Ice Magic
  2575 | D:3      | Reached XP level 5. HP: 30/33 MP: 6/8
  2673 | D:3      | Noticed Terence
  2684 | D:3      | Killed Terence
  3279 | D:3      | Reached XP level 6. HP: 36/38 MP: 7/10
  3708 | D:3      | Learned a level 4 spell: Ice Form
  4166 | D:4      | Found a shimmering altar of Xom.
  4168 | D:4      | Found a basalt altar of Yredelemnul.
  4170 | D:4      | Found a sacrificial altar of Ru.
  4197 | D:4      | Found a shadowy altar of Dithmenos.
  4228 | D:4      | Noticed slughead422's ghost (amateur FoFi)
  5002 | D:4      | Found a runed translucent gate.
  5002 | D:4      | Found a runed translucent gate.
  5002 | D:4      | Found a runed translucent gate.
  5163 | D:4      | Found a staircase to the Ecumenical Temple.
  5177 | D:4      | Mangled by a gnoll

Illustrated notes

Levels and vault maps discovered:
D:1:      sevenhm_arrival_forest_fort_small_4, layout_basic, st_stairs_10
D:2:      layout_basic
D:3:      layout_loops_corners, uniq_terence
D:4:      layout_rooms, nicolae_overflow_quartered_altars, temple_green,
          gammafunk_ghost_icy, grunt_ministairs_8, hangedman_decor_growths,
          nicolae_dithmenos_through_a_glass_darkly

Skill      XL: |  1  2  3  4  5  6 |
---------------+-------------------+-----
Poison Magic   | 1 2 3 4 |  4.3
Transmutations | 3 4 |  4.1
Ice Magic      | 1 2 |  2.7
Spellcasting   | 3 |  3.0
Fighting       | |  1.0
Dodging        | |  2.0
Unarmed Combat | |  3.0

Action                   |  1- 3 |  4- 6 || total
-------------------------+-------+-------++-------
Melee: Unarmed           |    71 |   126 ||   197
       Constrict         |    22 |    42 ||    64
       Kick              |    21 |    37 ||    58
       Tentacles         |    11 |    31 ||    42
       Punch             |       |     3 ||     3
 Cast: Beastly Appendage |    20 |    27 ||    47
       Wereblood         |       |    10 ||    10
  Use: Scroll            |     2 |       ||     2
       Potion            |       |     1 ||     1
 Stab: Sleeping          |     3 |       ||     3
Armor: Skin              |     9 |    11 ||    20
Dodge: Dodged            |    49 |    73 ||   122
